 Dungeon Crawl Stone Soup version 0.29.1-2-gbd0b4ee654 (webtiles) character file.

Game seed: 2736797241764193935

91 xian the Trooper (level 4, -2/37 HPs)
             Began as a Mummy Chaos Knight on Oct 24, 2022.
             Was a Plaything of Xom.
             Killed by divine providence
             ... invoked by an orc priest
              (13 damage)
             ... on level 3 of the Dungeon.
             The game lasted 00:05:31 (2140 turns).

xian the Trooper (Mummy Chaos Knight)               Turns: 2140, Time: 00:05:32

Health: -2/37      AC: 15    Str: 17    XL:     4   Next: 34%
Magic:  4/4        EV:  5    Int: 11    God:    Xom [....*.]
Gold:   170        SH:  0    Dex: 11    Spells: 3/3 levels left

rFire   x . .      SeeInvis .   p - +1 hand axe (drain)
rCold   + . .      Faith    .   (no shield)
rNeg    + + +      Spirit   .   h - +0 plate armour
rPois   ∞          Reflect  .   (no helmet)
rElec   .          Harm     .   i - +2 cloak {rCorr}
rCorr   +          Rampage  .   (no gloves)
Will    .....                   b - +0 pair of boots
Stlth   ..........              (no amulet)
HPRegen 0.12/turn               (no ring)
MPRegen 0.09/turn               (no ring)

@: no status effects
A: cold resistance 1, negative energy resistance 3, torment resistance 2, heat
vulnerability 1, in touch with death 1, no potions
a: Renounce Religion


You were on level 3 of the Dungeon.
You worshipped Xom.
You were a beloved toy of Xom.
You visited 1 branch of the dungeon, and saw 3 of its levels.

You collected 170 gold pieces.

Inventory:

Hand Weapons
 p - a +1 hand axe of draining (weapon)
Missiles
 g - 5 atropa-tipped darts
 m - 4 poisoned darts (quivered)
Armour
 b - a +0 pair of boots (worn)
 h - a +0 plate armour (worn)
 i - a +2 cloak of preservation (worn)
Magical Staves
 f - a staff of fire
 j - a staff of cold
Jewellery
 o - a ring of flight
Scrolls
 d - 3 scrolls of teleportation {unknown}
 e - 4 scrolls of fear {unknown}
 k - a scroll of magic mapping {unknown}
 l - a scroll of brand weapon {unknown}
 n - a scroll of acquirement {unknown}
Miscellaneous
 c - a piece from Xom's chessboard (15/15)


   Skills:
 + Level 3.7 Fighting
 + Level 3.6 Axes
 + Level 2.0 Armour
 + Level 0.7 Dodging


You had 3 spell levels left.
You didn't know any spells.
Your spell library was empty.

Dungeon Overview and Level Annotations

Branches:
Dungeon (3/15)

Altars:


Innate Abilities, Weirdness & Mutations

You are immune to poison.
Your flesh is cold resistant. (rC+)
You are immune to negative energy. (rN+++)
You are immune to unholy pain and torment.
You are vulnerable to heat. (rF-)
You are in touch with the powers of death.
You do not drink.


Message History

The orc hits you with a +0 hand axe.
Things that are here:
a +0 short sword; a +0 leather armour; an orc corpse The orc hits you but does no damage.
An orc comes into view. It is wielding a +0 club.
The orc shouts!
An orc priest comes into view. It is wielding a +0 club.
The orc hits you but does no damage.
The orc priest shouts!
The orc barely misses you.
The orc hits you with a +1 mace of draining.
An orc comes into view. It is wielding a +2 dagger of venom.
The orc priest hits you but does no damage.
The orc shouts!
You hit the orc priest but do no damage.
You drain the orc priest.
The orc priest is lightly wounded.
You hit the orc but do no damage. You hit the orc.
The orc hits you but does no damage. The orc priest barely misses you.
The orc hits you with a +1 mace of draining.
You barely miss the orc priest.
The orc priest is lightly wounded.
You hit the orc. You barely miss the orc. The orc hits you but does no damage.
The orc priest hits you but does no damage.
The orc hits you but does no damage.
You hit the orc priest. You drain the orc priest.
The orc priest is severely wounded.
You hit the orc but do no damage. You drain the orc.
You kill the orc!
You completely miss the orc. The orc priest hits you with a +0 club.
The orc hits you but does no damage.
You barely miss the orc priest.
The orc priest is severely wounded.
You barely miss the orc. The orc hits you but does no damage.
The orc priest invokes the aid of Beogh against you.
Beogh smites you!
* * * LOW HITPOINT WARNING * * *
The orc priest invokes the aid of Beogh against you.
Beogh smites you!
You die...

#.# #.# ...
#.# #.#
......# #.#
#.##..# #.# .
#.##... .o...
#.##..# #o#.#
#<##..# #o#.#
#.##..# #@#.#
#.##..# #o).#
.###.##..####
#..##
............#
#..#
#######.###.#
#..# #.###.#
#..# #.....#
#).# #####.#
#..####..
#.####.......#


You could see an orc priest (very drained) and 3 orcs.

Vanquished Creatures
  3 adders (D:2)
  A worm (D:2)
  2 dart slugs (D:1)
  2 orcs (D:3)
  4 ball pythons
  7 endoplasms
  A giant cockroach (D:2)
  10 goblins
  4 hobgoblins
  4 kobolds
  A quokka (D:2)
  A bat (D:2)
  6 frilled lizards
  4 rats
50 creatures vanquished.

Notes
Turn   | Place    | Note
-------+----------+-------------------------------------------
     0 | D:1      | xian the Mummy Chaos Knight began the quest for the Orb.
     0 | D:1      | Reached XP level 1. HP: 18/18 MP: 1/1
   136 | D:1      | Reached XP level 2. HP: 21/24 MP: 2/2
   324 | D:1      | XOM: silly message
   804 | D:1      | Gained mutation: You are in touch with the powers of death.
                  | [Mummy growth]
   804 | D:1      | Reached XP level 3. HP: 29/29 MP: 3/3
  1004 | D:1      | XOM: scenery: 1 fountains blood, 1 doors close
  1295 | D:2      | XOM: enchant monster (bad)
  1674 | D:2      | Reached XP level 4. HP: 31/37 MP: 4/4
  1758 | D:2      | Found a faded altar of an unknown god.
  2140 | D:3      | Killed from afar by an orc priest

Illustrated notes

Levels and vault maps discovered:
D:1:      minmay_arrival_cross, layout_loops_corners, minmay_octomino_j4
D:2:      layout_basic, hellmonk_ecumenical_altar_run_dry, minmay_unequal
D:3:      layout_loops_ring

Skill      XL: |  1  2  3 |
---------------+----------+-----
Axes           | 3 |  3.6
Armour         | 2 |  2.0
Fighting       | |  3.7
Dodging        | |  0.7

Action                   |  1- 3 |  4- 6 || total
-------------------------+-------+-------++-------
Melee: Hand axe          |   111 |    18 ||   129
       Punch             |     1 |       ||     1
Armor: Plate armour      |    91 |    17 ||   108
       Leather armour    |     5 |       ||     5
Dodge: Dodged            |    43 |     6 ||    49
